 Dungeon Sprint DCSS version 0.20-a0-1117-g62da73f (webtiles) character file.

280 potatolord6000 the Fighter (level 9, 0/82 HPs)
             Began as a Demonspawn Fighter on May 9, 2017.
             Was an Initiate of Gozag.
             Slain by the 26-headed Lernaean hydra (8 damage)
             ... in the Dungeon (Sprint VI: "Thunderdome").
             The game lasted 00:10:32 (698 turns).

potatolord6000 the Fighter (Demonspawn Fighter)      Turns: 698, Time: 00:10:33

Health: 0/82       AC: 22    Str: 20    XL:     9   Next: 57%
Magic:  9/9        EV: 21    Int: 22    God:    Gozag
Gold:   359        SH:  0    Dex: 29    Spells: 8/8 levels left

rFire    . . .     SeeInvis .   a - +0 war axe
rCold    . . .     Gourm    .   (no shield)
rNeg     . . .     Faith    .   c - +1 leather armour of Divine Intervention {Dex+4}
rPois    .         Spirit   .   n - +2 helmet of the Trilobite {Int+5 Dex+4 Stlth-}
rElec    +         Reflect  .   d - +2 cloak of the Lute {rElec Str-2 Int+6 Dex+4}
rCorr    .         Harm     .   e - +3 pair of gloves "Ahiduqei" {rElec MR+ Dex+4}
MR       +....     NoTele   +   b - +1 pair of boots of Uzyzeq {Str+4}
Stlth    +.........             (no amulet)
Regen    0.3/turn               (no ring)
MPRegen  0.2/turn               (no ring)

@: lethally poisoned (0 -> -1), gold aura, hasted (expiring), very quick
A: talons 2, molten scales 2, powered by death 1, spiny 1
a: Potion Petition, Call Merchant, Bribe Branch, Renounce Religion


You were in the Dungeon.
You worshipped Gozag.
Gozag was aware of your devotion.
You were full.

You visited 1 branch You collected 1932 gold pieces.
You spent 1573 gold pieces at shops.

Inventory:

Hand Weapons
 a - a +0 war axe (weapon)
Armour
 b - the +1 pair of boots of Uzyzeq (worn) {Str+4}
   (You bought it in a shop in the Dungeon)

   It affects your strength (+4).
 c - the +1 leather armour of Divine Intervention (worn) {Dex+4}
   (You bought it in a shop in the Dungeon)

   It affects your dexterity (+4).
 d - the +2 cloak of the Lute (worn) {rElec Str-2 Int+6 Dex+4}
   (You bought it in a shop in the Dungeon)

   It affects your strength (-2).
   It affects your intelligence (+6).
   It affects your dexterity (+4).
   It insulates you from electricity.
 e - the +3 pair of gloves "Ahiduqei" (worn) {rElec MR+ Dex+4}
   (You bought it in a shop in the Dungeon)

   It affects your dexterity (+4).
   It insulates you from electricity.
   It affects your resistance to hostile enchantments.
 n - the +2 helmet of the Trilobite (worn) {Int+5 Dex+4 Stlth-}
   (You bought it in a shop in the Dungeon)

   It affects your intelligence (+5).
   It affects your dexterity (+4).
   It makes you less stealthy.
Scrolls
 k - 4 scrolls of blinking
 l - 3 scrolls of fog
Potions
 h - 2 potions of haste
 i - 2 potions of magic
 m - a potion of resistance


   Skills:
 + Level 11.7 Fighting
 + Level 10.5 Axes
 + Level 10.8 Armour
 * Level 8.2 Dodging
   Level 6.0 Shields


You had 8 spell levels left.
You didn't know any spells.

Dungeon Overview and Level Annotations

Branches:
Dungeon (1/1)

Altars:
Cheibriados
Dithmenos
Fedhas
Gozag
Kikubaaqudgha
Makhleb
Okawaru
Qazlal
Ru
Sif Muna
Trog
Uskayaw
Vehumet
Wu Jian
Xom
Yredelemnul
Zin
The Shining One
Beogh
Jiyva
Lugonu

Shops:
D *[%??*?*:[((!!!!

Annotations:
D Lernaean hydra


Innate Abilities, Weirdness & Mutations

You have razor-sharp toenails.
You are mostly covered in molten scales. (AC +3)
You regenerate a little health from kills.
You are partially covered in sharp spines.


Message History

The 26-headed Lernaean hydra is lightly wounded.
Your extra speed is starting to run out.
You barely miss the 26-headed Lernaean hydra.
The 26-headed Lernaean hydra is lightly wounded.
The 26-headed Lernaean hydra bites you.
The 26-headed Lernaean hydra bites you but does no damage. x4
The 26-headed Lernaean hydra bites you. The 26-headed Lernaean hydra bites you!
The 26-headed Lernaean hydra bites you but does no damage.
The 26-headed Lernaean hydra bites you.
The 26-headed Lernaean hydra bites you but does no damage.
The 26-headed Lernaean hydra bites you!
* * * LOW HITPOINT WARNING * * *
The 26-headed Lernaean hydra bites you but does no damage. x2
The 26-headed Lernaean hydra misses you.
The 26-headed Lernaean hydra bites you.
* * * LOW HITPOINT WARNING * * *
The 26-headed Lernaean hydra completely misses you.
The 26-headed Lernaean hydra bites you!
You die...
Your body crumbles into a pile of gold.

⌠.......(..###...###..........⌠
⌠......()..# #.<.# #..........⌠
⌠.........)###...###..........⌠
#.............###..(..........#
###∩..(..[)[8.# #.8.(......∩###
##∩___......###......___∩##
######.8.........8.######
#⌠......D...)⌠# ###....[@...###
#_......._# #........_#
#_......._# #∩.......∩#
##∩.....∩## ##.....## ##⌠⌠⌠##
#####


You could see the 26-headed Lernaean hydra.

Vanquished Creatures
  6 deep elf magi (D)
  A hornet (D)
  A spriggan (D)
  2 water moccasins (D)
  2 big kobolds (D)
  2 adders (D)
  An orc (D)
  A bat skeleton (D)
  2 giant cockroaches (D)
  4 kobolds (D)
  2 ball pythons (D)
  A quokka skeleton (D)
  A rat (D)
26 creatures vanquished.

Notes
Turn   | Place    | Note
-------+----------+-------------------------------------------
     0 | D        | potatolord6000 the Demonspawn Fighter began the quest for the Orb.
     0 | D        | Reached XP level 1. HP: 18/18 MP: 1/1
     1 | D        | Found an iron altar of Okawaru.
     2 | D        | Found an ancient bone altar of Kikubaaqudgha.
     2 | D        | Found a glowing silver altar of Zin.
     3 | D        | Found a corrupted altar of Lugonu.
     3 | D        | Found a viscous altar of Jiyva.
     4 | D        | Found a sacrificial altar of Ru.
     4 | D        | Found Jaxoib's Staff Store.
     4 | D        | Found Ixopyh's Magic Scroll Shop.
     5 | D        | Found a stormy altar of Qazlal.
     5 | D        | Round 1.
     6 | D        | Found Raotith's Distillery.
     7 | D        | Found Zeoquor's Distillery.
     7 | D        | Found Akaody's Bottled Wisdom.
     8 | D        | Found a shimmering altar of Xom.
     8 | D        | Found a burning altar of Makhleb.
     8 | D        | Found an ornate altar of the Wu Jian Council.
     8 | D        | Found Gamoqu's Do-It-Yourself Clinic.
    13 | D        | Found a glowing golden altar of the Shining One.
    15 | D        | Found a radiant altar of Vehumet.
    16 | D        | Found a roughly hewn altar of Beogh.
    17 | D        | Found Hengor's Weapon Rack.
    19 | D        | Found Fisyulin's Basic Armour.
    19 | D        | Found Cocau's Miscellaneous Merchandise.
    20 | D        | Found a basalt altar of Yredelemnul.
    20 | D        | Found a shadowy altar of Dithmenos.
    20 | D        | Found Mevaytz's Premium Goods.
    26 | D        | Found a hide-covered altar of Uskayaw.
    28 | D        | Found an opulent altar of Gozag.
    30 | D        | Found a deep blue altar of Sif Muna.
    32 | D        | Found Guijinit's Identification Station.
    33 | D        | Found a blossoming altar of Fedhas.
    33 | D        | Found a bloodstained altar of Trog.
    33 | D        | Found a snail-covered altar of Cheibriados.
    33 | D        | Found Kaitseno's Bee Food.
    34 | D        | Found Zetwocs's Advanced Armour.
    34 | D        | Found Efuybuuj's Jewellery.
    48 | D        | Became a worshipper of Gozag Ym Sagoz the Greedy
    74 | D        | Found Cycum's Magic Scroll Shop.
    75 | D        | Found Paamiofai's Must-Have Magic.
   120 | D        | Arena points: 14 (+14) [x2]
   141 | D        | Bought a distressingly furry helmet for 332 gold pieces
   146 | D        | Identified the +2 helmet of the Trilobite {Int+5 Dex+4 Stlth-} (You bought it in a shop in the Dungeon)
   180 | D        | Round 2.
   187 | D        | Gained mutation: You have sharp toenails. [demonic ancestry]
   187 | D        | Reached XP level 2. HP: 24/25 MP: 2/2
   248 | D        | Reached skill level 4 in Fighting
   250 | D        | Noticed a water moccasin
   255 | D        | Noticed a water moccasin
   265 | D        | Killed a water moccasin
   265 | D        | Reached skill level 5 in Fighting
   265 | D        | Reached skill level 5 in Armour
   265 | D        | Reached skill level 5 in Shields
   265 | D        | Reached XP level 3. HP: 25/34 MP: 3/3
   265 | D        | Gained mutation: You have razor-sharp toenails. [demonic ancestry]
   265 | D        | Reached XP level 4. HP: 29/40 MP: 4/4
   272 | D        | Killed a water moccasin
   272 | D        | Reached skill level 6 in Fighting
   272 | D        | Reached skill level 5 in Axes
   272 | D        | Gained mutation: You are partially covered in molten scales. (AC +2) [demonic ancestry]
   272 | D        | Reached XP level 5. HP: 40/47 MP: 5/5
   297 | D        | Bought a dazzling cloak for 332 gold pieces
   302 | D        | Identified the +2 cloak of the Lute {rElec Str-2 Int+6 Dex+4} (You bought it in a shop in the Dungeon)
   344 | D        | Arena points: 56 (+42) [x3]
   365 | D        | Round 3.
   366 | D        | Noticed a deep elf mage
   368 | D        | Noticed a deep elf mage
   381 | D        | Killed a deep elf mage
   381 | D        | Reached skill level 8 in Fighting
   381 | D        | Gained mutation: You are partially covered in sharp spines. [demonic ancestry]
   381 | D        | Reached XP level 6. HP: 48/57 MP: 6/6
   381 | D        | Gained mutation: You regenerate a little health from kills. [demonic ancestry]
   381 | D        | Reached XP level 7. HP: 53/63 MP: 7/7
   386 | D        | Killed a deep elf mage
   386 | D        | Reached skill level 10 in Fighting
   415 | D        | Noticed a deep elf mage
   417 | D        | Noticed a deep elf mage
   419 | D        | Noticed a deep elf mage
   420 | D        | Noticed a deep elf mage
   421 | D        | Killed a deep elf mage
   421 | D        | Reached XP level 8. HP: 73/73 MP: 8/8
   429 | D        | Killed a deep elf mage
   429 | D        | Reached skill level 10 in Armour
   429 | D        | Reached skill level 5 in Dodging
   432 | D        | Killed a deep elf mage
   432 | D        | Reached skill level 11 in Fighting
   432 | D        | Reached skill level 10 in Axes
   432 | D        | Gained mutation: You are mostly covered in molten scales. (AC +3) [demonic ancestry]
   432 | D        | Reached XP level 9. HP: 54/81 MP: 9/9
   437 | D        | Killed a deep elf mage
   437 | D        | Arena points: 140 (+84) [x4]
   457 | D        | Bought a faintly humming leather armour for 245 gold pieces
   457 | D        | Bought a pair of bloodstained gloves for 332 gold pieces
   467 | D        | Identified the +1 leather armour of Divine Intervention {Dex+4} (You bought it in a shop in the Dungeon)
   472 | D        | Identified the +3 pair of gloves "Ahiduqei" {rElec MR+ Dex+4} (You bought it in a shop in the Dungeon)
   484 | D        | Round 4.
   584 | D        | Arena points: 280 (+140) [x5]
   603 | D        | Bought a pair of shimmering boots for 332 gold pieces
   608 | D        | Identified the +1 pair of boots of Uzyzeq {Str+4} (You bought it in a shop in the Dungeon)
   640 | D        | Round 5.
   670 | D        | Noticed a spriggan rider
   684 | D        | Noticed the 27-headed Lernaean hydra
   698 | D        | Slain by the 26-headed Lernaean hydra

Vault maps used:
D:        arena_sprint

Skill      XL: |  1  2  3  4  5  6  7  8  9 |
---------------+----------------------------+-----
Axes           | 2 4 5 7 9 10 | 10.5
Armour         | 3 5 6 8 9 10 | 10.8
Shields        | 3 5 6 |  6.0
Fighting       | 5 6 8 10 11 | 11.7
Dodging        | 3 6 8 |  8.2

Action                   |  1- 3 |  4- 6 |  7- 9 || total
-------------------------+-------+-------+-------++-------
Melee: War axe           |    34 |    17 |    38 ||    89
       Kick              |     2 |     5 |    17 ||    24
Invok: Potion Petition   |       |       |     1 ||     1
  Use: Potion            |     3 |     4 |     3 ||    10
 Stab: Distracted        |       |       |     2 ||     2
  Eat: Bread ration      |       |     1 |       ||     1
Armor: Scale mail        |    24 |     7 |     2 ||    33
       Leather armour    |       |       |    27 ||    27
Dodge: Dodged            |    15 |     7 |    39 ||    61
Block: Shield            |    20 |     2 |       ||    22
